 Dungeon Crawl Stone Soup version 0.20.1-1-g8b1a95d (webtiles) character file.

224 Karian the Cudgeler (level 6, -1/56 HPs)
             Began as a Hill Orc Berserker on July 18, 2017.
             Was a Believer of Trog.
             Slain by an orc priest
             ... wielding a +0 falchion
              (4 damage)
             ... on level 4 of the Dungeon.
             The game lasted 00:20:19 (2153 turns).

Karian the Cudgeler (Hill Orc Berserker)            Turns: 2153, Time: 00:20:21

Health: -1/56      AC:  7    Str: 22    XL:     6   Next: 0%
Magic:  6/6        EV: 12    Int:  7    God:    Trog [**....]
Gold:   136        SH:  0    Dex: 13    Spells: 5/5 levels left

rFire    . . .     SeeInvis .   a - +0 mace
rCold    . . .     Gourm    .   (no shield)
rNeg     . . .     Faith    .   k - +0 leather armour
rPois    .         Spirit   .   j - +1 helmet
rElec    .         Reflect  .   l - +0 cloak
rCorr    .         Harm     .   (no gloves)
MR       .....                  n - +0 pair of boots
Stlth    +.........             (no amulet)
Regen    0.2/turn               r - +3 ring of dexterity
MPRegen  0.1/turn               (no ring)

@: no status effects
A: no striking features
a: Berserk, Trog's Hand, Burn Spellbooks, Renounce Religion, Convert to Beogh


You were on level 4 of the Dungeon.
You worshipped Trog.
Trog was pleased with you.
You were not hungry.

You visited 1 branch of the dungeon, and saw 4 of its levels.

You collected 136 gold pieces.

Inventory:

Hand Weapons
 a - a +0 mace (weapon)
 i - a +4 short sword
 p - a +0 mace
 t - a +0 hunting sling
 x - a +0 dagger of electrocution
Missiles
 g - 182 stones (quivered)
 m - 20 bolts
Armour
 b - a +0 animal skin
 j - a +1 helmet (worn)
 k - a +0 leather armour (worn)
 l - a +0 cloak (worn)
 n - a +0 pair of boots (worn)
Jewellery
 r - a +3 ring of dexterity (left hand)
Scrolls
 e - a scroll of teleportation {unknown}
 h - 3 scrolls of identify {unknown}
 q - a scroll of fear {unknown}
 v - a scroll of remove curse {unknown}
Potions
 f - a potion of haste {unknown}
 o - a potion of invisibility {unknown}
 s - a potion of brilliance {unknown}
 u - a potion of ambrosia {unknown}
 w - a potion of curing {unknown}
Comestibles
 c - 2 bread rations
 d - 7 chunks of flesh


   Skills:
 + Level 5.0 Fighting
 + Level 5.2 Maces & Flails
 + Level 3.0 Armour
 + Level 2.3 Dodging
 + Level 0.3 Stealth


You had 5 spell levels left.
You didn't know any spells.

Dungeon Overview and Level Annotations

Branches:
Dungeon (4/15)
 Temple: D:4-7

Altars:
Dithmenos
Gozag


Message History

You hit the orc.
The orc is severely wounded.
The orc closely misses you.
You barely miss the orc.
The orc is severely wounded.
The orc priest shouts, "Join the one true god or die!"
The orc hits you but does no damage.
You thump the orc!
You kill the orc!
Trog accepts your kill.
You have reached level 6!
Your experience leads to an increase in your attributes!
Your base attributes are Str 21, Int 7, Dex 10.
Increase (S)trength, (I)ntelligence, or (D)exterity?
You feel stronger.
You hit the orc priest.
The orc priest is lightly wounded.
The orc priest threatens, "By the altar or by the axe, you will meet Beogh!"
The orc priest hits you with a falchion.
You die...

.# ##.....
..... .....
... ..a #o#
#o# #@# #.#
#.# #.# #.#
####.##.##.#
#..........#
#.##........
#.##########


You could see a worker ant, an orc priest and an orc.

Vanquished Creatures
  An orc wizard (D:3)
  2 orc priests (D:3)
  A hound (D:4)
  2 adders
  3 worms (D:2)
  2 dart slugs
  A leopard gecko (D:2)
  11 orcs
  7 bats
  2 giant cockroaches
  10 goblins
  4 hobgoblins
  4 jackals
  2 quokkas
  3 frilled lizards
  7 kobolds
  7 rats
69 creatures vanquished.

Notes
Turn   | Place    | Note
-------+----------+-------------------------------------------
     0 | D:1      | Karian the Hill Orc Berserker began the quest for the Orb.
     0 | D:1      | Reached XP level 1. HP: 19/19 MP: 1/1
   223 | D:1      | Reached XP level 2. HP: 18/27 MP: 2/2
   861 | D:1      | Reached XP level 3. HP: 33/33 MP: 3/3
   957 | D:2      | Found a shadowy altar of Dithmenos.
  1486 | D:2      | Found an opulent altar of Gozag.
  1495 | D:2      | Reached XP level 4. HP: 36/41 MP: 4/4
  1612 | D:2      | Reached ** piety under Trog
  2010 | D:3      | Reached XP level 5. HP: 41/47 MP: 5/5
  2042 | D:3      | Reached skill level 5 in Fighting
  2042 | D:3      | Reached skill level 5 in Maces & Flails
  2118 | D:3      | You fall through a shaft!
  2146 | D:4      | HP: 1/48 [orc/morningstar (13)]
  2152 | D:4      | Reached XP level 6. HP: 2/56 MP: 6/6
  2153 | D:4      | Slain by an orc priest

Skill      XL: |  1  2  3  4  5 |
---------------+----------------+-----
Fighting       | 4 5 |  5.0
Maces & Flails | 4 5 |  5.2
Dodging        | 2 |  2.3
Armour         | 3 |  3.0
Stealth        | |  0.3

Action                   |  1- 3 |  4- 6 || total
-------------------------+-------+-------++-------
Melee: Mace              |   132 |    93 ||   225
Invok: Berserk           |     2 |     1 ||     3
 Stab: Sleeping          |       |     1 ||     1
  Eat: Bread ration      |     1 |       ||     1
       Chunk             |       |     3 ||     3
Armor: Animal skin       |    11 |       ||    11
       Leather armour    |    37 |    28 ||    65
Dodge: Dodged            |    90 |    54 ||   144
